 Dungeon Crawl Stone Soup version 0.20-a0-443-g0464b71 (webtiles) character file.

215 Letos the Slasher (level 5, -14/38 HPs)
             Began as a Barachian Skald on Jan 6, 2017.
             Was a Follower of Cheibriados.
             Killed by divine providence
             ... invoked by an orc priest
              (17 damage)
             ... on level 3 of the Dungeon.
             The game lasted 00:05:29 (3479 turns).

Letos the Slasher (Barachian Skald)                 Turns: 3479, Time: 00:05:29

Health: -14/38     AC:  9    Str: 17    XL:     5   Next: 92%
Magic:  8/8        EV: 12    Int: 14    God:    Cheibriados [*.....]
Gold:   153        SH:  0    Dex: 15    Spells: 3/8 levels left

rFire  . . .     SeeInvis .     t - +0 scimitar
rCold  . . .     Gourm    .     b - +0 leather armour
rNeg   . . .     Faith    .     (no shield)
rPois  .         Spirit   .     (no helmet)
rElec  .         Reflect  .     (no cloak)
rCorr  .         Harm     .     (no gloves)
MR     .....                    (no boots)
Stlth  +.........               (no amulet)
                                (no ring)
                                p - +6 ring of protection

@: mighty, very slightly contaminated, hasted
A: swims, slowness 1, strong legs 1
a: Hop, Bend Time, Renounce Religion


You were on level 3 of the Dungeon.
You worshipped Cheibriados.
Cheibriados was aware of your devotion.
You were not hungry.

You visited 1 branch of the dungeon, and saw 3 of its levels.

You collected 153 gold pieces.

Inventory:

Hand Weapons
 t - a +0 scimitar (weapon)
 A - a +1 long sword of slicing
Armour
 a - a +0 buckler
 b - a +0 leather armour (worn)
Jewellery
 p - a +6 ring of protection (left hand)
 y - an uncursed ring of teleportation
Scrolls
 g - a scroll of teleportation
 i - a scroll of blinking
 k - a scroll of immolation {unknown}
 l - a scroll of enchant armour {unknown}
 n - a scroll of recharging {unknown}
 r - 2 scrolls of identify
 s - a scroll of amnesia {unknown}
 u - a scroll of fear {unknown}
Potions
 e - a potion of mutation {unknown}
 j - a potion of heal wounds {unknown}
 m - a potion of haste
 o - a potion of lignification {unknown}
 q - a potion of might
 w - a potion of agility {unknown}
 z - a potion of ambrosia {unknown}
Books
 c - a book of Battle

   Spells                             Type                      Level
   a - Infusion                       Charms                       1
   b - Shroud of Golubria             Charms/Translocation         2
   c - Song of Slaying                Charms                       2
   d - Spectral Weapon                Hexes/Charms                 3
   e - Regeneration                   Charms/Necromancy            3
Comestibles
 d - 2 bread rations
 f - 2 fruits
 h - a beef jerky
 v - 3 chunks of flesh
 x - a slice of pizza


   Skills:
 - Level 2.1 Fighting
 * Level 5.9 Long Blades
 - Level 1.1 Armour
 - Level 2.0 Dodging
 - Level 2.0 Spellcasting
 + Level 3.2 Charms
 - Level 2.0 Translocations


You had 3 spell levels left.
You knew the following spells:

 Your Spells              Type           Power        Failure   Level  Hunger
a - Infusion              Chrm           ##..         10%         1    ##.....
b - Shroud of Golubria    Chrm/Tloc      #.........   17%         2    ###....
c - Song of Slaying       Chrm           ##......     14%         2    ###....


Dungeon Overview and Level Annotations

Branches:
Dungeon (3/15)

Altars:
Ashenzari
Cheibriados
Fedhas
Xom


Innate Abilities, Weirdness & Mutations

You can swim through water.
You cover ground slowly.
You can hop short distances.


Message History

Cheibriados appreciates the change of pace.
The orc priest closely misses you.
The orc priest hits you but does no damage.
You hit the orc priest.
The orc priest is moderately wounded.
The orc priest calls down the wrath of Beogh upon you.
Beogh smites you!
* * * LOW HITPOINT WARNING * * *
It was a potion of haste.
You feel yourself speed up.
Cheibriados forgives your accidental hurry, just this once.
The orc priest hits you with a club.
* * * LOW HITPOINT WARNING * * *
You are very lightly contaminated with residual magic.
It was a potion of might.
You feel very mighty all of a sudden.
You slash the orc priest!
The orc priest is almost dead.
The orc priest calls down the wrath of Beogh upon you.
Beogh smites you!
You die...

.##............ ##
.###.......#..........# #
.# ####)..............
.######.###+###......###
......).# #.# #.........
........###.###.......?..
........###_..+..........
........###.###.)o.......
........# #.# #.@#.......
........###'###.##.......
####...........†##.....o.
#<..............h.....
#.................oo..
#.................$..o
#..........####.......
#..........# .......
#..........# #######


You could see an orc priest.

Vanquished Creatures
  Jessica (D:3)
  6 adders
  An ooze (D:3)
  6 worms
  3 dart slugs
  5 leopard geckos
  7 orcs (D:3)
  2 ball pythons
  5 giant cockroaches
  6 goblins
  8 hobgoblins
  10 jackals
  10 kobolds
  A quokka (D:2)
  10 bats
  4 frilled lizards
  9 rats
94 creatures vanquished.

Notes
Turn   | Place    | Note
-------+----------+-------------------------------------------
     0 | D:1      | Letos the Barachian Skald began the quest for the Orb.
     0 | D:1      | Reached XP level 1. HP: 16/16 MP: 3/3
   155 | D:1      | Reached XP level 2. HP: 11/22 MP: 5/5
   326 | D:1      | Reached skill level 3 in Long Blades
   636 | D:1      | Learned a level 2 spell: Shroud of Golubria
   639 | D:1      | Learned a level 2 spell: Song of Slaying
   658 | D:1      | Reached XP level 3. HP: 24/27 MP: 6/6
   711 | D:1      | Reached skill level 4 in Long Blades
   883 | D:2      | Found a blossoming altar of Fedhas.
  1240 | D:2      | Reached XP level 4. HP: 18/33 MP: 7/7
  1507 | D:2      | Found a shimmering altar of Xom.
  1526 | D:2      | Reached skill level 1 in Translocations
  2145 | D:2      | Reached skill level 5 in Long Blades
  2559 | D:2      | Reached XP level 5. HP: 37/38 MP: 8/8
  2638 | D:2      | Found a snail-covered altar of Cheibriados.
  2646 | D:2      | Became a worshipper of Cheibriados the Contemplative
  3296 | D:3      | Reached * piety under Cheibriados
  3346 | D:3      | Noticed Jessica
  3353 | D:3      | Killed Jessica
  3362 | D:3      | Found a shattered altar of Ashenzari.
  3479 | D:3      | Killed from afar by an orc priest

Vault maps used:
D:1:      dpeg_arrival_shelter, corexii_hall_statues_i
D:2:      lemuel_round_altar, overflow_temple_1_default, fedhas_altar_3
D:3:      lemuel_doored_altar, kennysheep_nub, uniq_crazy_yiuf_cottage,
          uniq_jessica

Skill      XL: |  1  2  3  4  5 |
---------------+----------------+-----
Long Blades    | 3 4 5 |  5.9
Translocations | 1 2 |  2.0
Fighting       | |  2.1
Armour         | |  1.1
Dodging        | |  2.0
Spellcasting   | |  2.0
Charms         | |  3.2

Action                   |  1- 3 |  4- 6 || total
-------------------------+-------+-------++-------
Melee: Falchion          |   139 |    93 ||   232
       Scimitar          |       |    73 ||    73
 Cast: Infusion          |     2 |     6 ||     8
  Use: Scroll            |     1 |     4 ||     5
       Potion            |       |     2 ||     2
  Eat: Chunk             |     2 |     8 ||    10
Armor: Leather armour    |    42 |    49 ||    91
Dodge: Dodged            |    95 |   116 ||   211
       Rpst.: Falchion   |    26 |    17 ||    43
       Scimitar          |       |    26 ||    26
